[Event "E World Cup 2023"]
[Site "Baku, Azerbaijan"]
[Date "2023.08.02"]
[Round "2"]
[White "Lagarde, Maxime"]
[Black "Praggnanandhaa, R."]
[Result "0-1"]
[WhiteElo "2599"]
[BlackElo "2690"]
[ECO "C60"]
[EventDate "2023.??.??"]
[Annotator "rafael"]
[PlyCount "77"]
[Beauty "7769373290574"]
[EventType "simul"]
[EventRounds "2"]
[EventCountry "AZE"]
[TimeControl "40/5400+30:1800+30"]

1.e4 e5 2.Nf3 Nc6 3.Bb5 Nge7 {This opening choice probably came as a surprise to Lagarde.} 4.Nc3 {The third most popular move and one with a good reputation. 4.0-0, 4.c3 and 4.d4 are also usually played.} 4...Ng6 5.d4 Nxd4 6.Nxd4 exd4 7.Qxd4 c6 8.Be2 Qb6 {This position has occurred in many games of strong GMs.} 9.Qd3 ( 9.Qd2 $5 {[%c_effect d2;square;d2;type;Interesting;persistent;true] is an interesting idea in order to play with b3-Bb2 while keeping the queen on a safer square.} 9...Be7 10.b3 O-O 11.Bb2 {This was played in Aronian-Sadhwani, Chess.com (rapid) 2022.} ) 9...Be7 ( 9...d6 $6 {[%c_effect d6;square;d6;type;Inaccuracy;persistent;true] was tried in Dominguez Perez-Carlsen, St.Louis (blitz) 2020. Now White could play} 10.h4 $1 {[%c_effect h4;square;h4;type;GreatFind;persistent;true] with a strong initative.} ) 10.f4 {A new move and probably a result of over-the-board inspiration.} ( 10.O-O {As I like to say: \"Whenever in doubt, just castle.\" No wonder this is the move played most often...} ) ( 10.h4 $5 {[%c_effect h4;square;h4;type;Interesting;persistent;true] It's interesting to sacrifice the h-pawn in order to attack.} 10...Bxh4 11.g3 {with a complicated game in Howell-Erwich, Leiden 2012.} ) ( 10.Qg3 {is not dangerous:} 10...Bh4 11.Qe3 O-O {with an equal position in Mrva-Pechac, Slovakia 2021.} ) 10...O-O {Praggnanandhaa follows the aforementioned principle and decides to castle.} ( 10...d5 $5 {[%c_effect d5;square;d5;type;Interesting;persistent;true] The computer mentions this interesting and thematic move.} 11.exd5 Nh4 $1 {[%c_effect h4;square;h4;type;GreatFind;persistent;true] with excellent compensation for Black in this messy position.} ) 11.h4 ( 11.Bd2 $5 {[%c_effect d2;square;d2;type;Interesting;persistent;true] is a possibility, sacrificing a pawn:} 11...Qxb2 12.Rb1 Qa3 13.h4 $1 {[%c_effect h4;square;h4;type;GreatFind;persistent;true] with compensation.} ) 11...d5 $1 {[%c_effect d5;square;d5;type;GreatFind;persistent;true] Every schoolboy knows that against an attack on the flank, you should strike on the center. This is easy on paper, but difficult to replicate in our games. This is a textbook example.} 12.h5 $2 ( 12.exd5 {is necessary. Black has a good position, but all results are still possible.} 12...Rd8 ( 12...Bxh4+ 13.g3 Bf6 {is also good.} ) 13.h5 Nh4 ) 12...dxe4 13.Qg3 {The only way to justify White's previous move.} ( 13.Qxe4 $2 Bh4+ ) ( 13.Nxe4 Nh4 ) 13...Nh4 $1 {[%c_effect h4;square;h4;type;GreatFind;persistent;true] I believe the French GM underestimated the strength of this move.} 14.Rxh4 Qg1+ 15.Bf1 e3 $1 {[%c_effect e3;square;e3;type;GreatFind;persistent;true] This is the point. The rook should not be taken yet. Black is threatening 16...Qf2+.} 16.Nd1 {The only defense.} ( 16.Rh2 {is refuted by} 16...Bc5 $1 {[%c_effect c5;square;c5;type;GreatFind;persistent;true] and Black wins in all variations, for instance:} 17.Ne2 ( 17.Ne4 e2 $1 18.Kxe2 Re8 ) ( 17.Nd1 e2 $1 {[%c_effect e2;square;e2;type;GreatFind;persistent;true] again this nice pawn sac to open lines.} 18.Kxe2 Re8+ 19.Be3 Bf5 {with a decisive attack.} ) 17...Qf2+ 18.Qxf2 exf2+ 19.Kd2 Rd8+ 20.Kc3 Rd1 21.Ng3 Bd4+ 22.Kb3 Be6+ 23.c4 Re8 $19 ) 16...Re8 {A strong and cold-blooded move, simply protecting the e3-pawn.} ( 16...Bxh4 17.Qxh4 Re8 {is also good, but it's more subtle to keep the dark-squared bishop.} ) 17.Ke2 Be6 $1 {[%c_effect e6;square;e6;type;GreatFind;persistent;true] Black completes development while threatening a deadly check on c4. The e3-pawn cannot be captured.} 18.b3 ( 18.Bxe3 Bc4+ ) ( 18.Nxe3 Bc4+ ) ( 18.f5 $1 {[%c_effect f5;square;f5;type;GreatFind;persistent;true] This is the best practical chance, although Black is still winning.} 18...Bxh4 19.Qxh4 Bd5 $1 {[%c_effect d5;square;d5;type;GreatFind;persistent;true] An accurate move.} ( 19...Bxf5 {is not clear after} 20.Bxe3 ) 20.Bxe3 ( 20.Nxe3 Re4 $1 21.Qf2 Bc4+ 22.Ke1 ( 22.Kf3 $2 Rf4+ ) 22...Qh1 {with a strong attack.} ) 20...Bxg2 21.Bxg2 Qxg2+ 22.Nf2 Re5 $1 {[%c_effect e5;square;e5;type;GreatFind;persistent;true] White will be unable to defend this position.} ) 18...Rad8 $1 {[%c_effect d8;square;d8;type;GreatFind;persistent;true] The rook joins the battle and the army is complete.} 19.Nxe3 ( 19.Bxe3 {also loses in style:} 19...Bc5 ( 19...Bxh4 {is another way:} 20.Qxh4 Bg4+ $1 21.Qxg4 Rxd1 22.Kxd1 ( 22.Rxd1 Qxe3# ) 22...Qxf1+ 23.Kd2 Rd8+ 24.Bd4 Qf2+ 25.Kc1 Qxd4 {with a winning position.} ) 20.Qf2 ( 20.Bxc5 Bg4# ) 20...Bxe3 21.Qxg1 ( 21.Nxe3 Rd2+ ) 21...Bxg1 {White's king is still in danger even after the queen exchange.} ) 19...Bf6 ( 19...Bxh4 {This also leads to a win, but I prefer the move played in the game.} 20.Qxh4 Bf5 21.Kf3 Be4+ 22.Kg3 Bxc2 $1 ) 20.Rb1 Bf5 $1 21.Qf2 ( 21.Rb2 Rd4 $5 {[%c_effect d4;square;d4;type;Interesting;persistent;true] with the idea of doubling rooks on the e-file. White is completely paralyzed.} ) 21...Bxh4 $1 22.Qxh4 ( 22.Qxg1 Bg4# {What a nice checkmate $1} ) 22...Bxc2 $1 23.Qxd8 Rxd8 24.Nxc2 Qc5 {Finally the fireworks are over and we can evaluate the position. White has three minor pieces against queen and pawn, but another pawn will soon be captured, the pieces are uncoordinated and the king is in danger. Black is winning.} 25.Ne3 Re8 {It's impressive how Praggnanandhaa continues to play the most precise moves. 26...Qc2+ is threatened.} 26.Kf3 Qd4 {27...Qe4+ is threatened.} 27.Ke2 Qc5 ( 27...Qxf4 {is also winning.} ) 28.Kf3 Qxh5+ 29.g4 ( 29.Kf2 g5 $5 {[%c_effect g5;square;g5;type;Interesting;persistent;true] There are other ways to win, but this looks very convincing.} 30.fxg5 Qxg5 {White will lose material, for example:} 31.Bd3 Qf4+ 32.Ke2 Qg3 {The g2-pawn cannot be defended.} ) 29...Qh1+ 30.Kg3 Re6 ( 30...h5 {is also good, immediately opening lines.} ) 31.Bd2 h5 $1 32.gxh5 Qxh5 33.Re1 Rg6+ 34.Kf2 Qh4+ 35.Kf3 Qg3+ 36.Ke4 ( 36.Ke2 Qxf4 {is easily winning.} ) 36...Rd6 37.Re2 f5+ $1 {[%c_effect f5;square;f5;type;GreatFind;persistent;true] This is definitely one of the best games I've seen this year.} ( 37...f5+ 38.Kxf5 ( 38.Ke5 Qg6 39.Nxf5 Qe6# ) 38...Qg6+ 39.Ke5 Qe6# ) 38.Ke5 Qg6 39.Nxf5 0-1

[Event "E World Cup 2023"]
[Site "Baku, Azerbaijan"]
[Date "2023.08.21"]
[Round "7.5"]
[White "Praggnanandhaa, R."]
[Black "Caruana, Fabiano"]
[Result "1-0"]
[WhiteElo "2707"]
[BlackElo "2782"]
[ECO "C55"]
[EventDate "2023.??.??"]
[Annotator "rafael"]
[PlyCount "125"]
[Beauty "6253875039242"]
[EventType "simul"]
[EventRounds "2"]
[EventCountry "AZE"]
[TimeControl "40/5400+30:1800+30"]

1.e4 e5 2.Nf3 Nc6 3.Bc4 Nf6 4.d3 Be7 {Caruana played this line before in the tournament, against Dominguez, when he saved a lost position.} 5.O-O O-O 6.Nc3 d6 7.a4 Bg4 ( 7...Nb4 {is a new move in grandmaster-level play and was seen in the aforementioned game.} ) 8.h3 Bh5 ( 8...Bxf3 {is another plan of action, though exchanging this bishop always breaks a player's heart.} 9.Qxf3 Nd4 10.Qd1 c6 11.Ba2 {with a slightly more pleasant position for White.} ) 9.Be3 Nd4 10.Bxd4 exd4 11.Nd5 Nxd5 12.Bxd5 c6 13.Bb3 {White now is threatening 14.g4 followed by the capture of the d-pawn.} 13...Bxf3 ( 13...Bf6 $2 {[%c_effect f6;square;f6;type;Mistake;persistent;true] is exactly what White wants:} 14.g4 Bg6 15.Nd2 {followed by the advance of the f-pawn.} ) ( 13...d5 $5 14.exd5 Bd6 {This is an optimistic pawn sacrifice that doesn't work well against best play, but at least it spices up the game.} 15.dxc6 ( 15.g4 Bg6 16.Nxd4 $6 {[%c_effect d4;square;d4;type;Inaccuracy;persistent;true] is bad, since Black has good compensation after} 16...Qf6 $1 ) 15...bxc6 16.g4 Bg6 17.Nxd4 ( 17.Qd2 $6 Rb8 {gives good compensation.} ( 17...Qf6 {was played in Jones-Bailet, Chartres 2022.} ) ) ( 17.Ne1 $5 {[%c_effect e1;square;e1;type;Interesting;persistent;true] is also interesting, with the idea of pushing the f-pawn.} 17...Kh8 18.f4 f5 19.Ng2 {with a slight advantage for White.} ) 17...Qf6 18.Nf3 {Black has insufficient compensation for the pawns, although this looks playable for a blitz game.} ) 14.Qxf3 g6 {A new move. This type of position resembles some variations of the Ruy Lopez, where there is a battle in the middlegame with opposite colored bishops. White's position is a little more comfortable as his bishop is more active, and his plan is clearer (to advance the pawns on the kingside). However, as Caruana is the best-prepared player in the world and the move 7...Bg4 practically forces this position, he must have studied it very deeply with computers and come to the conclusion that it's not dangerous.} ( 14...a5 15.g4 $6 ( 15.g3 ) 15...g6 16.Qg2 Kg7 17.Rae1 Bh4 18.Re2 f6 19.f4 Qb6 {Black's position was good in Chigaev-Stevic, Hungary 2022.} ) 15.Qg4 {A logical idea, preparing to advance the f-pawn.} 15...Kg7 16.f4 Qc7 17.Rae1 Rae8 18.Qf3 Qd7 {White's play has been very logical so far, and now he must choose a course of action.} 19.Re2 ( 19.g4 $6 {[%c_effect g4;square;g4;type;Inaccuracy;persistent;true] is too rushed.} 19...Bh4 20.Re2 f6 ) ( 19.Kh2 d5 $1 {[%c_effect d5;square;d5;type;GreatFind;persistent;true] Caruana certainly had this idea in mind, as it's happily pointed out by the computer.} 20.exd5 c5 {The bishop comes to d6 with excellent compensation for the pawn.} ) ( 19.Qf2 $1 {[%c_effect f2;square;f2;type;GreatFind;persistent;true] is the best move, forcing Black's bishop to defend the pawn.} 19...Bf6 20.Kh2 {Now the idea with d6-d5 is not available, and White can reinforce the position with g3-h4 and so on, but it's really hard to break Black's position.} ) 19...Bd8 ( 19...d5 $5 {[%c_effect d5;square;d5;type;Interesting;persistent;true] is again possible.} 20.exd5 c5 21.Rfe1 Bd6 {with sufficient compensation.} ) 20.Kh1 d5 $1 {[%c_effect d5;square;d5;type;GreatFind;persistent;true] Another version of the pawn sacrifice.} 21.exd5 ( 21.e5 $2 {[%c_effect e5;square;e5;type;Mistake;persistent;true] is a horrible positional mistake, as it kills the b3-bishop.} 21...f6 ) ( 21.Qf2 Bb6 22.a5 Bc5 {with an equal position.} ) 21...Rxe2 22.Qxe2 Re8 23.dxc6 bxc6 {Black has excellent compensation for the pawn.} 24.Qf2 Qd6 {There are good options.} ( 24...Re3 25.Re1 Qe8 26.Rxe3 dxe3 27.Qe2 Bf6 {regains the pawn with a draw, since} 28.c3 $2 {[%c_effect c3;square;c3;type;Mistake;persistent;true] is bad due to} 28...Qb8 $1 {[%c_effect b8;square;b8;type;GreatFind;persistent;true] Attacking the bishop and the f4-pawn.} ) ( 24...Bc7 {is unpleasant to face since now g3 is not possible, and if White fights for the e-file, the f4-pawn is taken. If White does nothing, the rook comes to e3.} 25.Re1 ( 25.f5 {is the machine's suggestion, but this is a difficult move to play, as it opens the bishop's diagonal.} ) 25...Rxe1+ 26.Qxe1 Bxf4 {Black has some pressure in this endgame.} ) 25.g3 Re3 26.Re1 Bb6 {This endgame should be a draw without much trouble.} 27.Kg2 Qf6 28.Bc4 a5 29.Qf1 Bc5 $2 {[%c_effect c5;square;c5;type;Mistake;persistent;true] A big mistake, allowing White to change the pawn structure to his favor.} ( 29...Qe7 30.Rxe3 Qxe3 {leads to an easy draw after the exchange of queens.} ) 30.Rxe3 $1 dxe3 31.c3 {Now, things are different: the position becomes very dangerous since White is not forced to exchange queens, and the pawns are mobile. Praggnanandhaa converts the advantage convincingly.} 31...Bb6 ( 31...Qe7 {is more stubborn:} 32.Kf3 Qb7 33.Qe2 Ba7 34.d4 c5+ 35.d5 Bb8 {with the idea of} 36.Kxe3 Qd7 {with saving chances.} ) 32.Qf3 Qe7 33.Kf1 Ba7 34.Ke2 Qb7 35.b3 ( 35.Bb5 {is probably even better:} 35...Qc8 36.Bxc6 Qxh3 37.d4 Qh2+ 38.Qg2 {with a winning position.} ) 35...Qe7 36.d4 c5 ( 36...Qa3 {is an interesting practical attempt to save the game.} 37.Qxe3 Qb2+ 38.Qd2 ( 38.Kf3 Bb8 {with drawing chances.} ) 38...Qb1 {Black should lose this as well, but at least the queen is active.} ) 37.d5 ( 37.Qxe3 {It's always difficult to evaluate the pure opposite colored bishop endgame, but it turns out it's winning for White, for instance:} 37...Qxe3+ 38.Kxe3 cxd4+ 39.cxd4 Kf8 40.Ke4 Ke7 41.Kd5 Kd7 42.b4 $1 axb4 43.a5 {The a-pawn decides the game, but it's totally understandable that Praggnanandhaa decides not to go for this.} ) 37...Bb8 38.Qxe3 Qf8 ( 38...Qxe3+ {This version of the endgame is simpler for White to convert.} 39.Kxe3 {The king goes to the queenside, and it's over.} ) 39.Bb5 Qd6 40.Bc6 {The stage is set for the king march.} 40...Bc7 41.Kd3 Qf6 42.Kc4 Bd6 43.Qe4 g5 {Trying to get some counterplay.} 44.fxg5 Qf1+ 45.Qd3 Qxh3 46.Kb5 Qg4 47.Kxa5 Qxg5 48.Kb5 Bxg3 49.a5 Bd6 50.a6 Qe7 51.Qf3 Bb8 52.Qg4+ Kh6 53.Qc8 Bf4 54.Qd7 Qe2+ 55.Kb6 c4 {Caruana desperately seeks counterplay, but Praggnanandha's calculation is excellent, and he gives his opponent no chances.} 56.b4 Qe3+ 57.Kb5 Qxc3 58.a7 Qd3 59.a8=Q c3+ 60.Kb6 Qe3+ 61.Kb7 c2 62.Qf8+ Kg5 63.Qg7+ 1-0

[Event "Champions Chess Tour Julius Generation Cup 2023"]
[Site "Chess.com"]
[Date "2023.08.31"]
[Round "2"]
[White "Carlsen, Magnus"]
[Black "Caruana, Fabiano"]
[Result "1-0"]
[WhiteElo "2936"]
[BlackElo "2807"]
[ECO "C78"]
[EventDate "2023.??.??"]
[Annotator "rafael"]
[PlyCount "115"]
[Beauty "6529021385755"]
[EventType "team-tourn"]
[EventCountry "YUG"]
[TimeControl "900+3"]

1.e4 e5 2.Nf3 Nc6 3.Bb5 a6 4.Ba4 Nf6 5.O-O b5 6.Bb3 Bc5 {Caruana is a big specialist in the Arkhangelsk, one of the most dynamic choices for Black in the Ruy Lopez.} 7.c3 d6 8.d4 Bb6 9.Be3 {This is a popular move in 2023.} ( 9.a4 {is the old main line.} ) 9...O-O 10.Nbd2 Re8 ( 10...h6 {is the most popular move.} ) 11.Re1 h6 {Always a useful move, avoiding the unpleasant Ng5.} ( 11...Na5 {I found two examples from Anand's games in this position, one with each color. He won both games.} 12.Bc2 c5 13.d5 ( 13.h3 cxd4 14.cxd4 Nc6 15.dxe5 dxe5 {with an equal position in Giri-Anand, Paris (blitz) 2019.} ) 13...Ng4 14.Nf1 ( 14.Bg5 {is better.} ) 14...Nxe3 15.Nxe3 c4 {Black was fine in Anand-Santos Latasa, Leon (rapid) 2022.} ) 12.h3 exd4 13.cxd4 Nb4 {The threat of ...Nd3 gives Black time to play the desired c7-c5.} ( 13...Nxe4 $2 {[%c_effect e4;square;e4;type;Mistake;persistent;true] Of course not} 14.Nxe4 Rxe4 15.Bd5 {winning material.} ) 14.Qe2 c5 15.a3 c4 $1 {[%c_effect c4;square;c4;type;GreatFind;persistent;true] All this has been played before. They not only play well; they also have a great memory. That's another impressive thing about Carlsen: he can play the opening casually, simply taking it to an even position and without theory, but he's also capable of playing the trendy variations up to move 20.} 16.axb4 cxb3 17.d5 {A novelty.} ( 17.Qd3 {was played in an important high-profile game.} 17...Nxe4 $1 18.Bxh6 Bf5 19.Rxe4 Rxe4 $2 ( 19...Bxe4 20.Nxe4 gxh6 {leads to a complicated position with chances for both sides.} ) 20.Nxe4 d5 21.Bg5 Qd7 22.Nc5 Bxc5 23.Qxb3 {with a clear advantage for White in Dominguez-Keymer, Berlin 2022.} ) 17...Bxe3 18.Qxe3 Nxd5 $1 19.Qd4 ( 19.Qxb3 Nf4 {also leads to an equal position.} ) 19...Nf4 ( 19...Nf6 $5 {[%c_effect f6;square;f6;type;Interesting;persistent;true] The knight is well placed here, pressing the e4-pawn together with the bishop that is about to go to b7.} ) 20.Nxb3 Be6 21.Na5 Qd7 22.Qe3 $1 {[%c_effect e3;square;e3;type;GreatFind;persistent;true] White needs to be careful with the Bxh3 tricks.} 22...g5 {It's always difficult to weaken the pawn structure around the king, but Caruana wants to keep the strong knight on f4. The alternative is to just sacrifice this piece.} ( 22...Nxg2 $5 23.Kxg2 Bxh3+ 24.Kh1 ( 24.Kh2 {is less accurate:} 24...Qg4 25.Rg1 Qh5 $1 26.Rg3 Bf5+ {taking the e4-pawn and keeping the queens on the board.} ) 24...Qg4 25.Rg1 Qxe4 {Black has three pawns for the piece, and the computer evaluates the position as equal, but it seems to me that it's easier to play with White.} ( 25...Qh5 {doesn't work now:} 26.Nh2 $1 ) ) 23.Nd4 f5 $1 24.Qg3 fxe4 25.Rxe4 Qf7 $6 ( 25...Kh7 {is safer with equality.} ) 26.Nb7 $1 {[%c_effect b7;square;b7;type;GreatFind;persistent;true] A brilliant move that poses practical problems for Black.} 26...Qxb7 $2 ( 26...Bd5 $1 {[%c_effect d5;square;d5;type;GreatFind;persistent;true] is the correct way, but only a computer can find such a move in a rapid game.} 27.Rxe8+ ( 27.Nxd6 Rxe4 $1 {[%c_effect e4;square;e4;type;GreatFind;persistent;true] This is the point.} 28.Nxf7 Kxf7 {The knight on d4 cannot be defended because of the knight double on e2. Black is fine.} ) 27...Qxe8 28.Nxd6 Qf8 29.N6f5 Bxg2 30.h4 Qf6 {The position is balanced.} ) 27.Rxf4 Qg7 28.Re4 {White has stabilized the position and now has a great knight on d4 as well as a better pawn structure.} 28...Bxh3 $2 {[%c_effect h3;square;h3;type;Mistake;persistent;true] The losing move.} ( 28...Bd5 {is the best chance.} ) 29.Qb3+ $1 Kh8 ( 29...Kh7 30.Rxe8 Rxe8 31.Qxh3 Qxd4 32.Qd7+ {wins the rook.} ) 30.Rxe8+ Rxe8 31.Qxh3 Qxd4 32.Qxh6+ Kg8 33.Qxg5+ {Now the technical phase begins.} 33...Kf8 34.g3 ( 34.Rc1 {is also good.} ) 34...Re2 35.Qf5+ Ke7 36.Rxa6 ( 36.Rc1 {brings the rook to the attack and finishes the game quickly.} ) 36...Re1+ 37.Kg2 Qe4+ 38.Qxe4+ Rxe4 39.Ra3 Rxb4 40.Re3+ Kf6 41.b3 {The rook endgame is winning since White has two passed and connected pawns.} 41...Rd4 42.f4 Rd1 43.Kf3 d5 44.b4 ( 44.Ke2 {prepares to bring the king to the center and also wins easily.} ) 44...Rb1 45.Re5 Rxb4 46.Rxd5 Rb1 47.Rd6+ Ke7 48.Rb6 $1 {[%c_effect b6;square;b6;type;GreatFind;persistent;true] Rook behind the passed pawn, as the old saying goes.} 48...b4 49.Kg4 Kd7 50.Kf5 ( 50.f5 $18 ) 50...Kc7 51.Re6 b3 52.Re3 $1 {[%c_effect e3;square;e3;type;GreatFind;persistent;true] Rook at the side of the passed pawn. Although there is no \"old saying\" with this rule, it's good in cases where the rook is not allowed to go behind the passer. The important thing is that Black's rook can't move.} 52...Kd6 53.g4 $1 {[%c_effect g4;square;g4;type;GreatFind;persistent;true] Passed pawns must be pushed. I apologize for bringing another ancient sentence of deep knowledge.} 53...Kd5 54.g5 Kd4 55.Rg3 Kc4 56.g6 Ra1 57.g7 Ra5+ 58.Ke4 {Another superb game by Carlsen.} 1-0